[Event "67th Mexican-ch Open 2022"]
[Site "Chihuahua"]
[Date "2022.04.16"]
[Round "6.13"]
[White "Garcia Guerrero, Isaac Antonio"]
[Black "Hernandez Jimenez, Alexander Andres"]
[Result "1-0"]
[ECO "A22"]
[WhiteElo "2338"]
[BlackElo "2167"]
[Annotator "TA"]
[PlyCount "65"]
[EventDate "2022.04.12"]
[EventType "swiss"]
[EventCountry "MEX"]
[SourceTitle "playchess.com"]
[Source "ChessBase"]
[SourceQuality "1"]
[TimeControl "5400+30"]

1. c4 Nf6 2. g3 e5 3. Bg2 d5 4. cxd5 Nxd5 5. Nc3 Nb6 6. e3 Be7 {[%emt 0:03:03] A22: English Opening: 1...e5 2 Nc3 Nf6.} 7. Nge2 O-O 8. O-O c6 {[%emt 0:02:01] The position is equal.} (8... Nc6 {keeps more tension.} 9. f4 f6 10. d4 Bg4) 9. f4 exf4 10. Nxf4 N8d7 11. b3 Nc5 12. Bb2 Ne6 {[%emt 0:04:07] [#]} 13. Nce2 $146 ({Predecessor:} 13. Nh5 g6 14. Nf4 Bf6 15. Qc2 Nxf4 16. Rxf4 Be5 17. Rff1 Be6 18. Rad1 Bf5 19. Rxf5 gxf5 {1-0 (42) Lei,T (2449)-Li,X (2226) Xinghua 2015}) 13... Nxf4 14. Nxf4 Bf6 15. d4 Nd5 16. Qd3 Nxf4 17. Rxf4 Bg5 18. Rf2 $36 {[%emt 0:01:53][%mdl 2048] White has good play.} f5 (18... Be6 $11) 19. Raf1 ({White should try} 19. d5 $16) 19... Bf6 (19... Re8 $11 {keeps the balance.}) 20. e4 fxe4 21. Bxe4 Bh3 22. Bxh7+ Kh8 23. Re1 {[%emt 0:00:55] [#] And now Bg6 would win.} c5 (23... Qa5 $16 24. Bc3 Qb5) 24. Be4 ({Not} 24. dxc5 $2 Bxb2 25. Qxd8 (25. Rxb2 $2 Qf6 $19) 25... Raxd8 26. Rxb2 Kxh7 $19) 24... Bxd4 25. Bxd4 Qxd4 26. Qxd4 cxd4 27. Bxb7 {[%emt 0:00:53] &Bianco is more active.} Rxf2 28. Kxf2 $18 {[%emt 0:00:29] KRB-KRB} Rf8+ 29. Ke2 Bg4+ (29... Bf5 $16 {was worth a try.} 30. Kd2 Bg6) 30. Kd3 Rf2 (30... g6 {keeps fighting.} 31. Re5 Kg7) 31. Re8+ Kh7 32. Be4+ Kh6 $2 {[%emt 0:03:13] [#]} (32... Bf5 33. Bxf5+ (33. Kxd4 Bxe4 34. Rxe4 Rxa2 $16) 33... Rxf5) 33. Rh8+ {[%emt 0:00:35] Weighted Error Value: White=0.09 (flawless) /Black=0.31} 1-0

[Event "67th Mexican-ch Open 2022"]
[Site "Chihuahua"]
[Date "2022.04.16"]
[Round "6.14"]
[White "Sandoval Mercado, Carlos"]
[Black "Luna Javier, Edgar Froylan"]
[Result "1-0"]
[ECO "D79"]
[WhiteElo "2289"]
[BlackElo "2148"]
[Annotator "TA"]
[PlyCount "97"]
[EventDate "2022.04.12"]
[EventType "swiss"]
[EventCountry "MEX"]
[SourceTitle "playchess.com"]
[Source "ChessBase"]
[SourceQuality "1"]
[TimeControl "5400+30"]

1. d4 Nf6 2. c4 g6 3. Nf3 Bg7 4. g3 O-O 5. Bg2 c6 6. O-O d5 7. cxd5 cxd5 8. Ne5 Nfd7 9. f4 {[%emt 0:11:07] D79: Fianchetto Grünfeld: Symmetrical Variation (6 0-0 c6 7 cxd5 cxd5).} Nxe5 10. fxe5 Nc6 11. Nc3 {[%emt 0:01:01] The position is equal.} Be6 12. Kh1 Qd7 {[%emt 0:04:29] [#]} 13. Bf4 $146 ({Predecessor:} 13. Qa4 Bh3 14. Bxh3 Qxh3 15. Bf4 Rad8 16. Rad1 f6 17. e6 Qxe6 {½-½ (17) Turov,M (2553)-Galkin,A (2584) Elista 2001}) 13... Rfd8 14. Qd2 Rac8 (14... Bh3 {keeps more tension.} 15. Bh6 Bxg2+ 16. Kxg2 Rf8) 15. Rad1 Bh3 16. Bh6 Bxg2+ 17. Kxg2 Bh8 18. Rf2 f6 19. Qf4 Qe6 20. Rdf1 g5 $2 {[%emt 0:02:41] Black is on the road to losing.} (20... Na5 $11 {and Black has nothing to worry.}) 21. Qd2 $40 {[%emt 0:04:26][%mdl 128] Black is in trouble.} Nb8 22. Rf5 b5 $2 (22... Nd7 23. exf6 Bxf6 24. Rxg5+ (24. Rxd5 Nb6 $16) 24... Bxg5 25. Qxg5+ Qg6) 23. Qe3 $18 Qc6 24. h4 gxh4 25. e6 h3+ 26. Kxh3 {[%emt 0:00:10][%cal Of5g5] [#] Rg5+! would kill now.} Bg7 27. Bxg7 Kxg7 28. Rh5 Kh8 29. Kg2 Qe8 {[%emt 0:00:39] [#]} 30. Qh6 (30. Rxh7+ $142 $3 Kxh7 31. Rh1+ Kg8 32. Qh6 Qh5 33. Rxh5 Rf8 34. Qh8#) 30... Qg8 31. Nxd5 (31. Rfh1 $142 {White wants to mate with R1h4.} Nc6 32. Nxd5 Rxd5 33. Rxd5) 31... Nc6 (31... Rxd5 $18 32. Rxd5 Qxe6) 32. Rfh1 (32. Nf4 $142 Rd5 33. Ng6+ Qxg6 34. Qxg6 Rxh5 35. Qxh5 Rg8 36. Rh1 Rg7 37. d5) 32... Qg7 33. Qxh7+ Qxh7 34. Rxh7+ Kg8 35. Nxe7+ (35. Nf4 $142 f5 36. R1h6 Rxd4 37. Rh8+ Kg7 38. Nh5#) 35... Nxe7 36. Rxe7 {[%emt 0:00:02] Strongly threatening Rhh7.} Rxd4 {[%emt 0:00:52][%mdl 4096] Endgame KRR-KRR} 37. Rhh7 {[%emt 0:00:15] White threatens Reg7+ and mate.} Rg4 {[%emt 0:01:03] Prevents Reg7+.} 38. Rxa7 Re8 39. Rhe7 Rc8 40. Rab7 Rg5 41. Red7 Re8 42. Re7 Rc8 43. Rf7 {[%emt 0:00:19] White is clearly winning.} Rf8 44. Rxf8+ Kxf8 45. Rf7+ Ke8 46. Rxf6 Ke7 47. Rf4 Kxe6 48. g4 Rc5 49. Rf5 {[%emt 0:02:40] Weighted Error Value: White=0.71/Black=1.05} 1-0

[Event "67th Mexican-ch Open 2022"]
[Site "Chihuahua"]
[Date "2022.04.16"]
[Round "6.15"]
[White "Morales Garcia, Sergio Joshafatt"]
[Black "Davalos Prieto, Abel Justo"]
[Result "1-0"]
[ECO "D37"]
[WhiteElo "2246"]
[BlackElo "2103"]
[Annotator "TA"]
[PlyCount "118"]
[EventDate "2022.04.12"]
[EventType "swiss"]
[EventCountry "MEX"]
[SourceTitle "playchess.com"]
[Source "ChessBase"]
[SourceQuality "1"]
[TimeControl "5400+30"]

1. d4 d5 2. c4 e6 3. Nc3 Nf6 4. Nf3 Be7 5. Bf4 O-O 6. e3 c5 7. dxc5 Bxc5 8. Qc2 Nc6 9. a3 {[%emt 0:00:08] 9.Rd1 is the fancy move.} Qa5 10. Be2 {[%emt 0:14:41] D37: Queen's Gambit Declined: 5 Bf4.} Ne4 11. cxd5 exd5 12. O-O {[%emt 0:00:50][%csl LRd5,LRe4] White is slightly better.} Nxc3 13. bxc3 h6 14. Rfd1 {[%emt 0:07:13] [#]} Be6 $146 ({Predecessor:} 14... Rd8 15. Nd4 Bd6 16. Bxd6 Rxd6 17. Rab1 Rd8 18. Qb3 Qc7 19. Bf3 Ne7 20. a4 b6 {1-0 (39) Rychagov,A (2545)-Vantika,A (2286) Chess.com INT 2021}) 15. Rab1 Qd8 $2 {[%emt 0:10:28] [#]} ({Better is} 15... Rac8 $14) 16. Rxb7 $2 (16. c4 $1 $18 {[%cal Rc4d5] is the precise move to win. Strongly threatening cxd5.} d4 17. exd4 (17. Rxb7 Qf6 $16)) 16... Bb6 $16 17. Nd4 (17. c4 $5 Rc8 18. Qa4 $16) 17... Na5 {[%emt 0:14:10] [#]} 18. Nxe6 $1 fxe6 19. Ba6 ({Avoid the trap} 19. Qg6 $2 Nxb7 20. Qxe6+ Kh8 21. Rxd5 Qe8 22. Qxe8 Rfxe8 $19) 19... Nxb7 20. Bxb7 {[%emt 0:00:21] This bishop pair is nice.} Rb8 21. Bxb8 Qxb8 22. Ba6 Qe5 {[%emt 0:02:30][%cal Of8f2] White must now prevent ...Rxf2!} 23. Qd3 ({Much worse is} 23. g3 Bxe3 24. fxe3 Qxe3+ 25. Kh1 Qf3+ 26. Kg1 Qe3+ 27. Kh1 Qf3+ 28. Kg1 Qe3+ $11) 23... Rd8 24. Qg6 Qf6 25. Qg4 Rf8 26. Rf1 {[%emt 0:01:22] Active counter play!} Qf5 27. Qxf5 (27. Qb4 {seems wilder.} Qe5 28. g3 h5 29. a4) 27... Rxf5 {[%emt 0:00:10][%mdl 4096] Endgame KRB-KRB} 28. Rc1 Kf7 29. Bd3 Rf6 30. c4 dxc4 31. Rxc4 Ke7 32. Rg4 Kf8 33. Re4 Ke7 34. Rg4 Kf8 $1 35. g3 Rf7 36. Bc4 Rf6 37. Kg2 Kf7 38. a4 Kf8 39. Re4 Ke7 40. f4 Kd6 41. Kf3 a5 (41... Bc7 $16 {might work better.} 42. Re5 Kd7) 42. Ke2 (42. Re5 $18) 42... Bc5 43. Kd3 Bb4 44. Re5 Bc5 45. Ke4 Bb4 46. Rb5 Kc7 47. g4 Be1 (47... g5 $142 48. fxg5 hxg5 49. Rxg5 Rh6) 48. g5 $18 hxg5 49. Rxg5 g6 50. Kf3 Bc3 51. Kg4 Kd6 52. Rb5 ({White should play} 52. Bd3 $18) 52... e5 $2 (52... Rf5 $16 53. Rb8 Rc5) 53. fxe5+ Bxe5 54. Rd5+ Ke6 55. Rxa5+ Kd6 56. Rd5+ Ke6 57. h4 Rf5 58. Rb5+ Ke7 $2 (58... Kd6 59. Bd3 Rf2 60. Bxg6 Rb2) 59. Bd3 Ke8 {[%emt 0:02:32] Weighted Error Value: White=0.27 (precise) /Black=0.38} 1-0

[Event "67th Mexican-ch Open 2022"]
[Site "Chihuahua"]
[Date "2022.04.16"]
[Round "6.16"]
[White "Hernandez Guerrero, Eduardo"]
[Black "Silva Hernandez, Jose Luis"]
[Result "0-1"]
[ECO "B72"]
[WhiteElo "2232"]
[BlackElo "2006"]
[Annotator "TA"]
[PlyCount "154"]
[EventDate "2022.04.12"]
[EventType "swiss"]
[EventCountry "MEX"]
[SourceTitle "playchess.com"]
[Source "ChessBase"]
[SourceQuality "1"]
[TimeControl "5400+30"]

1. e4 g6 2. d4 d6 3. Nc3 Nf6 4. h3 Bg7 5. Nf3 O-O 6. Be3 c5 7. Qd2 cxd4 8. Nxd4 Nc6 9. g4 {[%emt 0:02:55] B72: Sicilian Dragon: 6 Be3, lines with h3+Bc4 and sidelines.} Be6 10. f4 {[%emt 0:11:50] [#]} Nxd4 $146 ({Predecessor:} 10... Na5 11. f5 Bc4 12. Bg2 Ba6 13. b3 b6 14. Bh6 Qc7 15. Bxg7 Kxg7 16. g5 Nd7 {1-0 (25) Rozsa,B-Thomasson,W Oklahoma City 1956}) 11. Bxd4 {[%emt 0:00:10] White is slightly better.} Qa5 12. Bg2 (12. f5 $1 $14 Bd7 13. O-O-O) 12... Rfc8 13. g5 Nd7 14. Bxg7 Kxg7 15. Nd5 (15. h4 $11) 15... Qxd2+ $15 16. Kxd2 Bxd5 17. exd5 Rc4 {[%emt 0:00:03] aiming for ...Rac8.} 18. Rhf1 Rac8 19. c3 b5 20. Rac1 Ra4 (20... Nb6 $17) 21. a3 Rh8 (21... f5 $15 {deserves consideration.}) 22. Rce1 $11 Kf8 23. Rf2 h6 24. Bf1 (24. h4 $15) 24... a6 $17 25. h4 hxg5 26. hxg5 Rh4 27. Ke3 {[%emt 0:03:54] [#]} Nc5 ({Black should try} 27... f6 $1 $17 28. Rd1 Kg8) 28. b4 $36 {[%emt 0:00:59][%mdl 2048] White has good play.} Nd7 29. Ra1 Nb6 (29... f5 $11 {remains equal.}) 30. Rd2 (30. Kd4 $16) 30... Rh1 31. Kf3 Nc4 32. Rda2 Nb6 33. Kg2 Rxf1 34. Rxf1 {[%emt 0:00:54] Strongly threatening Rd1.} Nxd5 {[%emt 0:00:03][%mdl 4096] Endgame KRR-KRN} 35. Rf3 {[%emt 0:00:06] Against Ne3+} e6 36. Kg3 Ke7 37. Rd3 Nb6 38. Rd1 Nd5 39. Rc1 Nb6 40. Kf3 Nc4 (40... Nd5 $11) 41. Ke4 Nb6 42. Kd3 Nd5 43. Rf1 Kd7 44. Rf3 a5 45. Rff2 Kc6 46. Kd4 Nxf4 47. Rh2 (47. c4 $1 $11 {keeps the balance.}) 47... e5+ $17 48. Ke4 Nh5 (48... Ne6 $17 49. Rhg2 Kd7) 49. Kf3 (49. Rhf2 $11) 49... Kd5 50. Rhd2+ Ke6 51. Kg4 (51. bxa5 $142 Rxa5 52. Ra1) 51... f5+ 52. Kf3 $2 {[%emt 0:00:26][%mdl 8192] This move loses the game for White.} (52. gxf6 $17 {nothing else works.} Nxf6+ 53. Kf3) 52... e4+ $19 53. Ke3 (53. Kg2 $142 Nf4+ 54. Kf2) 53... Ke5 54. Rd4 f4+ 55. Kf2 Ng3 {[%emt 0:00:55] And now ...Nf5 would win.} 56. bxa5 Rxa5 57. Rb4 d5 {[%emt 0:00:59] Inhibits c4.} 58. a4 bxa4 59. Rbxa4 Rc5 60. R2a3 Kf5 {[%emt 0:00:18] [#] ...Kg4 is the strong threat.} 61. Ra5 Rc8 (61... Rxa5 $142 62. Rxa5 Kg4) 62. Rxd5+ Kg4 63. Kg2 Nf5 64. Re5 f3+ (64... Ne3+ $142 65. Kf2 Nc4) 65. Kf2 Kf4 66. Rxf5+ gxf5 {[%emt 0:00:33] KR-KR. Black mates.} 67. g6 Rc6 68. g7 Rg6 69. Ra7 Rg2+ 70. Kf1 Ke3 71. c4 Kd4 72. Rf7 e3 73. Re7 f4 74. c5 Kxc5 75. Re4 Kd5 76. g8=Q+ Rxg8 77. Rxe3 fxe3 {[%emt 0:00:45] Weighted Error Value: White=0.50/Black=0.20 (precise)} 0-1

[Event "67th Mexican-ch Open 2022"]
[Site "Chihuahua"]
[Date "2022.04.16"]
[Round "6.17"]
[White "Flores Guerrero, Jesus Aldair"]
[Black "Flores Irurso, Paul Josue"]
[Result "1/2-1/2"]
[ECO "A03"]
[WhiteElo "2251"]
[BlackElo "1912"]
[Annotator "TA"]
[PlyCount "52"]
[EventDate "2022.04.12"]
[EventType "swiss"]
[EventCountry "MEX"]
[SourceTitle "playchess.com"]
[Source "ChessBase"]
[SourceQuality "1"]
[TimeControl "5400+30"]

1. d4 Nf6 2. e3 g6 3. f4 Bg7 4. Nf3 O-O 5. Be2 d5 6. O-O Nbd7 {[%emt 0:04:18][%cal Bb8d7,Bd7f6,Bf6e4][%mdl 32] A03: Bird's Opening with 1...d5.} 7. c3 Ne4 8. Nbd2 Ndf6 {[%emt 0:00:12] The position is equal.} 9. Nxe4 Nxe4 {[%emt 0:00:11] [#]} 10. Nd2 $146 ({Predecessor:} 10. Bd3 Nd6 11. Qb3 c6 12. Bd2 Qb6 13. Qxb6 axb6 14. h3 b5 15. Rfe1 Bf5 16. Bxf5 gxf5 {0-1 (66) Melo,F (1828)-De Oliveira,J (1953) Joao Pessoa 2015}) 10... Nd6 11. Bf3 c6 12. g4 f5 13. g5 Ne4 14. Nxe4 fxe4 15. Bg4 Bf5 16. Rf2 Qd7 17. Rg2 Kf7 18. Bd2 Rh8 19. h4 (19. Bxf5 $11 Qxf5 20. c4) 19... h5 20. Bxf5 Qxf5 21. Kh2 Qd7 22. Rg3 e6 23. Rg2 Bf8 24. Rg3 Bd6 ({Black should play} 24... c5 $15) 25. a3 (25. c4 $11 {keeps the balance.}) 25... Kg7 (25... c5 $17) 26. Rg2 Raf8 {[%emt 0:00:00] Weighted Error Value: White=0.21 (precise) /Black=0.19 (very precise)} 1/2-1/2

[Event "67th Mexican-ch Open 2022"]
[Site "Chihuahua"]
[Date "2022.04.16"]
[Round "6.18"]
[White "Avila Bautista, Roberto Al"]
[Black "Blanco Fernandez, Alvaro"]
[Result "1-0"]
[ECO "A15"]
[WhiteElo "2090"]
[BlackElo "2216"]
[Annotator "TA"]
[PlyCount "35"]
[EventDate "2022.04.12"]
[EventType "swiss"]
[EventCountry "MEX"]
[SourceTitle "playchess.com"]
[Source "ChessBase"]
[SourceQuality "1"]
[TimeControl "5400+30"]

1. Nf3 g6 2. c4 Bg7 3. Nc3 Nf6 4. g3 O-O 5. Bg2 d6 6. O-O c6 7. b3 e5 8. Bb2 e4 {[%emt 0:04:16] A15: English Opening: 1...Nf6.} 9. Ne1 {[%emt 0:01:05] [#]} d5 $146 ({Predecessor:} 9... Re8 10. Rc1 Nbd7 11. Qc2 Nc5 12. b4 Na6 13. a3 Bf5 14. Qb3 Qd7 15. Nc2 Bh3 16. Ne3 {0-1 (65) Ragats,J (2118)-Suranyi,P (2153) Hungary 2011}) 10. cxd5 cxd5 {[%emt 0:00:24] The position is equal.} 11. d3 e3 (11... Re8 $11 {keeps the balance.}) 12. fxe3 $16 Ng4 13. Nc2 Qg5 (13... Nc6 $14) 14. Qc1 Qh5 (14... Rd8 $16 {was called for.} 15. h3 Nf6) 15. h3 $18 Nh6 (15... Nf6 {was worth a try.} 16. g4 Bxg4) 16. Nxd5 {[%emt 0:01:31] [#] aiming for Bxg7. White is clearly winning.} Qg5 (16... Nd7 $142 17. Bxg7 Kxg7) 17. Bxg7 Kxg7 18. e4 {[%emt 0:02:17] White took control after the opening.  Weighted Error Value: White=0.11 (very precise) /Black=0.73} (18. Qb2+ $142 f6 {[#]} 19. Nxf6 $1 Rxf6 20. h4) 1-0

[Event "67th Mexican-ch Open 2022"]
[Site "Chihuahua"]
[Date "2022.04.16"]
[Round "6.19"]
[White "Quiroga Jaquez, Angel Ivan"]
[Black "Arizpe, Frank"]
[Result "1-0"]
[ECO "D20"]
[WhiteElo "2185"]
[BlackElo "1274"]
[Annotator "TA"]
[PlyCount "105"]
[EventDate "2022.04.12"]
[EventType "swiss"]
[EventCountry "MEX"]
[SourceTitle "playchess.com"]
[Source "ChessBase"]
[SourceQuality "1"]
[TimeControl "5400+30"]

1. d4 Nf6 2. c4 d5 3. Nc3 dxc4 4. e4 e6 5. Bxc4 Bb4 6. f3 O-O {[%emt 0:00:37] D20: Queen's Gambit Accepted: 3 e3 and 3 e4.} 7. Nge2 Nc6 8. Be3 b6 (8... e5 $14) 9. a3 $16 Be7 10. O-O {[%emt 0:00:27] [#]} a5 $146 (10... e5 $14) ({Predecessor:} 10... Bb7 11. Rc1 Na5 12. Bd3 Qd7 13. b4 Nc6 14. Qc2 e5 15. d5 Nb8 16. Rfd1 Bd6 {1-0 (47) Rosu,I-Colta,I Eforie Nord 1998}) 11. Rc1 Na7 (11... e5 $142) 12. Qc2 Bb7 13. Rfd1 Qc8 14. d5 (14. e5 $18 Nd7 15. Ne4) 14... exd5 15. Nxd5 (15. exd5 {is interesting.} Qd7 16. Ng3 Nc8 17. Bb5) 15... Nxd5 (15... Bxd5 $142 16. exd5 (16. Bxd5 Nxd5 17. Rxd5 c5 $16) 16... Qe8) 16. Bxd5 (16. exd5 $142 Bd6 17. Nc3) 16... Bxd5 17. Rxd5 c5 18. Ng3 {[%emt 0:03:24] 0x0.002037565f53dp-1022s more active pieces.} Rd8 19. Rcd1 {[%emt 0:01:32] Strongly threatening Rxd8+.} Rxd5 20. Rxd5 Nc6 21. Nf5 Bf8 22. Qd1 Qe6 23. Bf4 g6 24. Nh6+ Kg7 $1 25. Ng4 {[%emt 0:00:21] [#] aiming for Bh6+.} h5 26. Ne5 Nxe5 27. Bxe5+ Kh7 28. a4 Rc8 29. Qd2 Bg7 30. Bxg7 Kxg7 $14 {[%emt 0:00:02][%mdl 4096] Endgame KQR-KQR} 31. Qf4 Rc6 32. Kf2 Qf6 (32... c4 $11) 33. Qxf6+ $16 {[%emt 0:00:34] White now steadily converts the win.} Kxf6 {[%emt 0:00:02] KR-KR} 34. Ke3 Ke6 35. Kd3 c4+ 36. Kc3 f5 37. Rd4 Ke5 38. Rxc4 Rf6 (38... Rd6 $16 39. exf5 Kxf5) 39. exf5 $18 gxf5 $2 (39... Kxf5 {keeps fighting.} 40. b4 Re6 41. bxa5 bxa5) 40. Rh4 Rc6+ 41. Kb3 Rd6 42. Rxh5 Kf4 43. g3+ Kxf3 44. Rxf5+ Kg4 (44... Kg2 $142 45. Rh5 Rg6) 45. Rf4+ Kh3 46. Rh4+ Kg2 47. Kc4 {[%emt 0:00:31] Against Rd5. White is clearly winning.} Kf3 48. Kb5 Ke3 49. b4 axb4 50. Rxb4 Rh6 51. h4 {[%emt 0:01:00] [#] Hoping for g4.} Kf3 52. g4 Rxh4 53. Kxb6 {[%emt 0:00:07] Weighted Error Value: White=0.11 (very precise) /Black=0.31} 1-0

[Event "67th Mexican-ch Open 2022"]
[Site "Chihuahua"]
[Date "2022.04.16"]
[Round "6.20"]
[White "Jorajuria Mendoza, Algol"]
[Black "Gongora Montes, Benjamin"]
[Result "1/2-1/2"]
[ECO "C88"]
[WhiteElo "2006"]
[BlackElo "2157"]
[Annotator "TA"]
[PlyCount "144"]
[EventDate "2022.04.12"]
[EventType "swiss"]
[EventCountry "MEX"]
[SourceTitle "playchess.com"]
[Source "ChessBase"]
[SourceQuality "1"]
[TimeControl "5400+30"]

1. e4 e5 2. Nf3 Nc6 3. Bb5 a6 4. Ba4 Nf6 5. O-O Be7 6. Re1 b5 7. Bb3 O-O 8. a4 Rb8 9. axb5 axb5 10. c3 d6 11. d4 $1 {[%emt 0:00:14] The main line 11.d4 scores better than 11.h3.} exd4 12. cxd4 Bg4 13. Nc3 {[%emt 0:00:13] C88: Closed Ruy Lopez: Anti-Marshall Systems.} Qd7 14. d5 {[%emt 0:00:55] [#]} Nb4 $146 ({Predecessor:} 14... Bxf3 15. gxf3 Ne5 16. f4 Qh3 17. Re3 Qh4 18. fxe5 Ng4 19. Qf3 Qxh2+ 20. Kf1 Nxe3+ 21. Bxe3 Qxe5 {1-0 (42) Volokitin,A (2634)-Votava,J (2529) Austria 2019}) 15. h3 {[%emt 0:46:11] White is better.} Bh5 16. Qd4 ({White should play} 16. Bf4 $16) 16... c5 $14 17. dxc6 $1 Nxc6 18. Qd3 Rfe8 {[%emt 0:07:07] [#]} (18... Ne5 19. Nxe5 dxe5 20. Qxd7 Nxd7 21. Ra7 $16) (18... Bxf3 $11 {keeps the balance.} 19. Qxf3 Nd4) 19. Nd4 $1 $16 {[%emt 0:02:42] &Bianco is much more active.} Nxd4 20. Qxd4 Bd8 21. Bf4 Rb6 (21... Bc7 $16 22. Qb4 Qd8) 22. Nd5 $18 Nxd5 23. Qxd5 Bg6 24. e5 Bf5 25. exd6 Rxe1+ $2 (25... Be6 26. Qc5 h6) 26. Rxe1 {[%emt 0:00:05][%cal Od5f7] Intending Qxf7+! and mate.} Be6 {[%emt 0:00:13] [#]} 27. Qe4 g5 (27... Rc6 28. Ra1) 28. Bxe6 Qxe6 29. Qxe6 fxe6 {[%emt 0:00:06][%mdl 4096] Endgame KRB-KRB} 30. Bg3 ({Stronger than} 30. Rxe6 Kf7 31. Bxg5 Bxg5 $15) 30... Kf7 31. Ra1 Rb7 {[%emt 0:01:20] Against Ra7} 32. Rc1 Ke8 33. Rc5 Kd7 34. Be5 {[%emt 0:01:48] Prevents Bf6.} (34. b4 $16) 34... Bb6 $14 35. Rc3 b4 36. Rc4 Ba5 37. Rg4 Bd8 38. h4 (38. Kf1 $16) 38... Rb5 $11 39. Re4 {[%emt 0:01:08] next hxg5 is good for White.} gxh4 40. f4 Bb6+ 41. Kh2 Bc5 42. Kh3 Bxd6 43. Kxh4 Bxe5 44. fxe5 {[%emt 0:00:05] KR-KR} Kc6 45. Kg5 Kd5 46. Re2 Rb8 47. Kf6 Rf8+ 48. Kg7 Rf5 49. Kxh7 {[%emt 0:00:02] Hoping for g4.} Rxe5 50. Rd2+ Ke4 51. Kg6 {[%emt 0:00:19] Against Rg5+} Rc5 {[%emt 0:05:27] ...e5 is the strong threat.} 52. Rd6 e5 53. Rb6 Kd3 {[%emt 0:00:49] Threatens to win with ...e4.} 54. Rxb4 e4 {[%emt 0:00:05] aiming for ...e3.} 55. Rb6 ({But not} 55. Rb3+ Kd2 56. Rb8 e3 57. Rd8+ Ke2 $17) (55. Rb7 $11) 55... e3 $15 {[%emt 0:01:25][%mdl 1024] White must now prevent ...Re5. Black has compensation.} 56. Rd6+ Ke4 {[%emt 0:00:21] ( -> ...e2)} 57. Rd1 $1 ({Not} 57. Re6+ $2 Re5 58. Ra6 e2 59. Ra4+ Ke3 $19) 57... Rc2 (57... e2 $1 $15 58. Re1 Ke3) 58. g4 $1 $11 {[%emt 0:00:11] The position is equal.} Rg2 59. g5 Rxb2 60. Re1 Kf3 61. Kf7 Rb7+ 62. Kf6 Rb6+ 63. Kf7 Kf2 64. Rxe3 Kxe3 {[%emt 0:00:07] KR-KP} 65. g6 Kf4 66. g7 Rb7+ 67. Kf6 Rb8 68. Kf7 Kf5 69. g8=Q Rb7+ 70. Kf8 {[%emt 0:00:04] White wants to mate with Qd5+.} Rb8+ 71. Kg7 Rxg8+ 72. Kxg8 Ke4 {[%emt 0:03:54] Black defended with fortune.  Weighted Error Value: White=0.15 (very precise) /Black=0.16 (very precise)} 1/2-1/2

[Event "67th Mexican-ch Open 2022"]
[Site "Chihuahua"]
[Date "2022.04.16"]
[Round "6.21"]
[White "Maass Garza R, Alejandro"]
[Black "Rivera Garcia, David Moises"]
[Result "1-0"]
[ECO "B59"]
[WhiteElo "2265"]
[BlackElo "1780"]
[Annotator "TA"]
[PlyCount "109"]
[EventDate "2022.04.12"]
[EventType "swiss"]
[EventCountry "MEX"]
[SourceTitle "playchess.com"]
[Source "ChessBase"]
[SourceQuality "1"]
[TimeControl "5400+30"]

1. e4 c5 2. Nf3 Nc6 3. d4 cxd4 4. Nxd4 e6 5. Nb3 Nf6 6. Bd3 Be7 7. O-O O-O 8. Bf4 d6 9. Nc3 e5 10. Bg3 Be6 11. f4 exf4 12. Bxf4 Ne5 {[%emt 0:00:04] B59: Classical Sicilian: 6 Be2 e5 7 Nb3.} 13. Be2 Qb6+ 14. Qd4 Qxd4+ {[%emt 0:02:26] The position is equal.} 15. Nxd4 Ng6 16. Bg3 Bd7 17. Nf5 Bxf5 18. exf5 Ne5 19. Rad1 $36 {[%emt 0:01:00][%mdl 2048] White has some pressure.} a6 20. Nd5 Nxd5 21. Rxd5 f6 22. c4 (22. c3 $16) 22... Rac8 23. b3 b6 (23... Rc5 $14) 24. Rfd1 Rfd8 25. Bf2 Rb8 26. h3 Kf8 27. Be1 Rbc8 28. Bb4 Rc6 29. g4 Ke8 30. Kf2 Rd7 31. Bf1 Nf7 32. Bg2 Rcc7 33. R5d2 {[%emt 0:00:46] 0x0.000e62c4cf4ddp-1022s more active pieces.} Rd8 34. Bd5 Ng5 35. h4 Nf7 36. Bxf7+ Kxf7 37. Bxd6 Rcd7 (37... Rcc8 $142 38. a4 Rc6) 38. Bf4 (38. Bb4 $18 Bc5+ 39. Kf3) 38... Bc5+ $2 (38... Rxd2+ $16 {is a better defense.} 39. Rxd2 Rc8) 39. Kf3 $18 Rxd2 40. Rxd2 ({Weaker is} 40. Bxd2 Rd4 $11) 40... Rxd2 (40... Rc8 41. Rd7+ Kg8) 41. Bxd2 {[%emt 0:00:08][%mdl 4096] Endgame KB-KB} Ke7 42. Be3 {[%emt 0:02:08] [#] Hoping for Bxc5+.} Kd6 43. Bxc5+ bxc5 {[%emt 0:00:01] KP-KP} 44. Ke4 Kc6 45. a3 a5 46. Kd3 Kc7 47. Kc3 Kc6 48. b4 {[%emt 0:00:24] [#] Intending bxc5 and mate.} Kb6 49. bxc5+ {[%emt 0:00:50] White mates.} Kxc5 50. a4 Kc6 51. Kd4 Kd6 52. c5+ Kc6 53. Kc4 g6 54. fxg6 hxg6 55. h5 {[%emt 0:40:39] Weighted Error Value: White=0.08 (flawless) /Black=0.49} 1-0